Map: Whirlwind LE (Void)

Players

BOOTYQUAKE - Winner!

  • Race: Protoss Protoss
  • League: Gold
  • Spawn Location: 5:00

Fropez

  • Race: Protoss Protoss
  • League: Gold
  • Spawn Location: 7:00

VOD

Have the link to the VOD?

Description

Time

  • Played on: Jan. 6, 2017, 4:21 p.m.
  • Length: 5:22
Show
View Real Time Build Order
Export as new Build Order

BOOTYQUAKE Protoss - Winner!

Build Orders:  

Get SALT Encoding   

  12  0:01  Probe (Chrono Boost)  
  13  0:12  Probe (Chrono Boost)  
  14  0:19  Pylon  
  14  0:22  Probe (Chrono Boost)  
  15  0:37  Probe (Chrono Boost), Gateway  
  16  0:48  Probe (Chrono Boost)  
  17  0:51  Gateway  
  17  0:58  Probe (Chrono Boost)  
  17  1:00  Assimilator  
  18  1:11  Probe (Chrono Boost), Assimilator  
  19  1:26  Assimilator  
  19  1:28  Cybernetics Core  
  19  1:30  Probe (Chrono Boost)  
  19  1:41  Probe (Chrono Boost)  
  20  1:52  Probe (Chrono Boost)  
  21  1:59  Pylon  
  21  2:03  Stalker  
  21  2:04  Warp Gate  
  23  2:17  Stalker  
  23  2:19  Probe (Chrono Boost)  
  26  2:24  Pylon  
  26  2:29  Stalker  
  28  2:47  Stalker  
  30  2:56  Stalker  
  30  2:58  Pylon  
  33  3:07  Probe (Chrono Boost)  
  33  3:19  Probe (Chrono Boost)  
  34  3:38  Probe (Chrono Boost)  
  33  3:50  Probe (Chrono Boost)  
  32  4:02  Probe (Chrono Boost)  
  33  4:10  Gateway  
  33  4:15  Gateway  
  33  4:22  Stalker x2  
  37  4:28  Probe (Chrono Boost)  
  38  4:31  Robotics Facility  
  38  4:33  Nexus  
  39  4:40  Probe (Chrono Boost)  
  39  4:52  Probe (Chrono Boost)  
  40  5:04  Probe (Chrono Boost)  
  41  5:17  Stalker x2  
  41  5:19  Gateway  
Show
View Real Time Build Order
Export as new Build Order

Fropez Protoss 

Build Orders: 1 Gate Expand 

Get SALT Encoding   

  12  0:00  Probe (Chrono Boost)  
  13  0:11  Probe (Chrono Boost)  
  14  0:23  Pylon  
  14  0:27  Probe (Chrono Boost)  
  15  0:41  Probe (Chrono Boost)  
  15  0:42  Gateway  
  16  0:52  Probe (Chrono Boost)  
  16  0:57  Assimilator  
  17  1:02  Probe (Chrono Boost)  
  18  1:13  Probe (Chrono Boost)  
  19  1:23  Probe (Chrono Boost)  
  20  1:31  Nexus  
  20  1:32  Zealot  
  22  1:51  Cybernetics Core  
  22  1:59  Probe (Chrono Boost)  
  23  2:20  Pylon  
  23  2:23  Pylon  
  23  2:28  Assimilator  
  23  2:36  Stalker  
  25  2:45  Nexus  
  25  2:50  Warp Gate  
  25  2:51  Gateway  
  25  2:55  Mothership Core (Chrono Boost)  
  27  3:06  Stalker  
  27  3:07  Pylon  
  28  3:20  Pylon  
  28  3:21  Probe (Chrono Boost)  
  29  3:29  Forge  
  27  3:37  Stalker  
  29  3:42  Stalker  
  23  4:14  Photon Cannon  
  25  4:25  Probe (Chrono Boost)  
  25  4:26  Mothership Core (Chrono Boost)  
  26  4:42  Probe (Chrono Boost)  
  25  4:50  Pylon, Probe (Chrono Boost)  
  26  4:58  Pylon  
  27  5:00  Probe (Chrono Boost)  
  27  5:12  Photon Cannon  
  22  5:14  Photon Cannon  
  22  5:17  Sentry x2  
Tags
 
League
GoldGold
Matchup
PvP
Replay Pack
All Mines
Spawn Locations
Close Positions
Add a new tag
Caveats
  • Supply blocks, unpowered buildings, or Contaminate may cause inaccurate times.
  • Supply counts are checked every 10 seconds.